 Dungeon Crawl Stone Soup version 0.27-a0-597-g524d869a0f (webtiles) character file.

Game seed: 5754670821711285022

127600 gingerogre1 the Nimble (level 17, 0/135 HPs)
             Began as a Gnoll Monk on Mar 11, 2021.
             Was the Champion of Okawaru.
             Slain by Rupert
             ... wielding a +6 vorpal battleaxe
              (10 damage)
             ... while paralysed by Rupert
             ... on level 2 of the Orcish Mines.
             The game lasted 02:59:00 (26247 turns).

gingerogre1 the Nimble (Gnoll Monk)                Turns: 26247, Time: 02:59:00

Health: 0/135      AC: 29    Str: 22    XL:     17   Next: 1%
Magic:  31/32      EV:  2    Int:  6    God:    Okawaru [******]
Gold:   1695       SH:  0    Dex: 20    Spells: 6/38 levels left

rFire    + + .     SeeInvis .   m - +9 double sword of Jijao {venom, rF+}
rCold    + . .     Faith    .   U - +3 buckler {AC+3}
rNeg     + . .     Spirit   .   K - +5 ring mail of Wariness {Dex+3}
rPois    +         Reflect  .   d - +0 helmet
rElec    .         Harm     .   Q - +1 cloak {rC+}
rCorr    .         Rampage  +   j - +2 pair of gloves
Will     ++...                  P - +2 pair of boots {rampage}
Stlth    +++++.....             R - amulet of regeneration
HPRegen  1.32/turn              L - ring of protection from fire
MPRegen  0.23/turn              T - ring "Qerett" {rPois rN+ Str+7 Int-4}

@: paralysed, ice-armoured, studying Ice Magic
A: fangs 1, repulsion field 1, strong-willed 1, subdued magic 1, strong nose,
distributed training
a: Renounce Religion, Heroism, Finesse


You were on level 2 of the Orcish Mines.
You worshipped Okawaru.
Okawaru was exalted by your worship.
You visited 3 branches of the dungeon, and saw 23 of its levels.
You visited the Abyss 1 time.
You also visited: Ice Cave and Volcano.

You collected 2070 gold pieces.
You spent 375 gold pieces at shops.

Inventory:

Hand Weapons
 m - the +9 double sword of Jijao (weapon) {venom, rF+}
   (Okawaru gifted it to you on level 13 of the Dungeon)

   It poisons the flesh of those it strikes.
   It protects you from fire.
 y - the +8 storm bow {elec, penet}
   (You found it on level 5 of the Lair of Beasts)

   It charges the ammunition it shoots with electricity; occasionally upon a
   hit, such missiles may discharge and cause terrible harm.
   Ammo fired by it passes through the targets it hits, potentially hitting all
   targets in its path until it reaches maximum range.
 N - a +3 flail of protection
 S - a +5 hunting sling of flaming
 Z - the +5 long sword of Mutog {holy, Dex+3}
   (You took it off a centaur warrior on level 15 of the Dungeon)

   It has been blessed by the Shining One to cause great damage to the undead
   and demons.
   It affects your dexterity (+3).
Missiles
 h - 7 javelins (quivered)
 o - 4 curare-tipped darts
 G - 206 sling bullets
 J - 38 arrows
Armour
 d - a +0 helmet (worn)
 j - a +2 pair of gloves (worn)
 K - the +5 ring mail of Wariness (worn) {Dex+3}
   (You found it on level 13 of the Dungeon)

   It affects your dexterity (+3).
 P - a +2 pair of boots of rampaging (worn)
 Q - a +1 cloak of cold resistance (worn)
 U - a +3 buckler of protection (worn)
Jewellery
 f - a ring of poison resistance
 i - a ring of protection from cold
 L - a ring of protection from fire (right hand)
 R - an amulet of regeneration (around neck)
 T - the ring "Qerett" (left hand) {rPois rN+ Str+7 Int-4}
   (You bought it in a shop on level 7 of the Dungeon)

   [ring of positive energy]

   It affects your strength (+7).
   It affects your intelligence (-4).
   It protects you from poison.
   It protects you from negative energy.
Wands
 k - a wand of paralysis (16)
 p - a wand of iceblast (26)
 q - a wand of acid (14)
 D - a wand of digging (7)
 H - a wand of polymorph (8)
 M - a wand of random effects (22)
 O - a wand of mindburst (35)
 X - a wand of flame (14)
Scrolls
 c - 3 scrolls of immolation
 l - 5 scrolls of fog
 n - 3 scrolls of amnesia
 w - 2 scrolls of magic mapping
 z - 12 scrolls of teleportation
 C - 3 scrolls of blinking
 F - 5 scrolls of fear
 I - 2 scrolls of noise {unknown}
 V - a scroll of brand weapon {unknown}
 W - 3 scrolls of acquirement {unknown}
Potions
 a - 3 potions of heal wounds
 e - 4 potions of invisibility
 g - 14 potions of curing
 r - 5 potions of cancellation
 s - 4 potions of might
 t - a potion of flight
 u - 2 potions of berserk rage
 v - 2 potions of attraction
 x - 5 potions of brilliance
 B - 2 potions of resistance
 E - 4 potions of haste
 Y - a potion of ambrosia
Miscellaneous
 b - a condenser vane
 A - a box of beasts


   Skills:
 + Level 12.7 Fighting
 + Level 11.2 Short Blades
 + Level 12.7 Long Blades
 + Level 11.2 Axes
 + Level 11.2 Maces & Flails
 + Level 11.2 Polearms
 + Level 11.2 Staves
 + Level 11.2 Slings
 + Level 11.2 Bows
 + Level 11.2 Crossbows
 + Level 11.2 Throwing
 + Level 11.2 Armour
 + Level 12.7 Dodging
 + Level 11.8 Stealth
 + Level 11.2 Shields
 + Level 11.2 Unarmed Combat
 + Level 11.2 Spellcasting
 + Level 9.5 Conjurations
 + Level 9.5 Hexes
 + Level 9.5 Summonings
 + Level 9.5 Necromancy
 + Level 9.5 Translocations
 + Level 9.5 Transmutations
 + Level 9.5 Fire Magic
 + Level 10.5 Ice Magic
 + Level 9.5 Air Magic
 + Level 9.5 Earth Magic
 + Level 9.5 Poison Magic
 + Level 12.1 Invocations
 + Level 11.2 Evocations


You had 6 spell levels left.
You knew the following spells:

 Your Spells              Type           Power      Damage    Failure   Level
a - Ozocubu's Armour      Ice            12%        N/A       1%          3
b - Wereblood             Tmut           11%        N/A       1%          2
c - Agony                 Necr           11%        N/A       11%         5
d - Gell's Gravitas       Tloc           5%         N/A       1%          3
e - Petrify               Tmut/Erth      11%        N/A       3%          4
f - Yara's Violent Unrav  Hex/Tmut       5%         3d4       11%         5
g - Lee's Rapid Deconstr  Erth           5%         3d7*      11%         5
h - Metabolic Englaciati  Hex/Ice        5%         N/A       9%          5

Your spell library contained the following spells:

 Spells                   Type           Power      Damage    Failure   Level
 Animate Skeleton         Necr           22%        N/A       1%          1
 Beastly Appendage        Tmut           22%        N/A       1%          1
 Freeze                   Ice            48%        1d7       1%          1
 Pain                     Necr           44%        1d6       1%          1
 Sandblast                Erth           22%        2d7       1%          1
 Passwall                 Tmut/Erth      9%         N/A       1%          2
 Poisonous Vapours        Pois/Air       22%        N/A       1%          2
 Confusing Touch          Hex            11%        N/A       1%          3
 Conjure Flame            Conj/Fire      11%        6-21      1%          3
 Frozen Ramparts          Ice            24%        1d4       1%          3
 Mephitic Cloud           Conj/Pois/Air  11%        N/A       1%          3
 Spider Form              Tmut/Pois      5%         N/A       1%          3
 Static Discharge         Conj/Air       11%        N/A       1%          3
 Stone Arrow              Conj/Erth      22%        3d8       1%          3
 Vampiric Draining        Necr           5%         2d6       1%          3
 Hailstorm                Conj/Ice       11%        3d5       2%          4
 Ice Form                 Ice/Tmut       11%        N/A       2%          4
 Summon Ice Beast         Ice/Summ       11%        N/A       2%          4
 Animate Dead             Necr           5%         N/A       3%          4
 Blade Hands              Tmut           5%         N/A       11%         5
 Lightning Bolt           Conj/Air       5%         1d17      11%         5
 Freezing Cloud           Conj/Ice/Air   5%         6-21      47%         6
 Ignition                 Fire           5%         3d4       100%        8
 Shatter                  Erth           5%         3d8*      100%        9
 Tornado                  Air            5%         N/A       100%        9


Dungeon Overview and Level Annotations

Branches:
Dungeon (15/15)            Temple (0/1) D:6            Lair (6/6) D:10
  Swamp (0/4) Lair:2        Snake (0/4) Lair:2        Slime (0/5) Lair:5
    Orc (2/2) D:9          Vaults (0/5) D:13         Depths (0/5) D:15
  IceCv (visited)         Volcano (visited)
    Elf: Orc:2

Altars:
Elyvilon
Kikubaaqudgha
Makhleb
Okawaru
Sif Muna
Wu Jian
Xom
Zin

Shops:
D:6 *   D:7 =   D:8 ?   D:10 (   D:11 *

Annotations:
D:2 p0werm0de's ghost, amateur GrFi
Orc:2 Rupert


Innate Abilities, Weirdness & Mutations

You have very sharp teeth.
Your uncanny sense of smell can sniff out nearby items.
Your experience applies equally to all skills.
You are surrounded by a mild repulsion field. (EV +2)
You are strong-willed. (Will+)
Your spells are a little easier to cast, but a little less powerful.


Message History

Rupert is lightly wounded.
The warg bites you but does no damage. Rupert roars wildly at you.
You suddenly lose the ability to move!
The orc knight hits you but does no damage.
The orc warrior completely misses you.
The orc warrior hits you from afar with a +0 trident!
The orc warrior hits you from afar with a +0 halberd.
The orc priest hits you but does no damage.
The orc hits you but does no damage. The warg bites you but does no damage.
Rupert hits you with a +6 vorpal battleaxe.
The orc priest hits you but does no damage.
The warg bites you.
The orc warrior hits you but does no damage.
The orc warrior hits you from afar with a +0 trident!
The orc knight hits you from afar with a +0 halberd.
The orc warrior hits you from afar with a +0 halberd.
The orc barely misses you. The warg bites you.
Rupert roars madly and goes into a rage!
Rupert goes berserk!
Something hits you but does no damage.
The orc priest hits you but does no damage.
The orc warrior hits you from afar with a +0 trident.
The orc warrior hits you but does no damage.
The orc knight roars a battlecry!
The orcs go into a battle-frenzy!
The orc warrior hits you from afar with a +0 halberd!!
Rupert hits you with a +6 vorpal battleaxe!!!
* * * LOW HITPOINT WARNING * * *
x2 The warg bites you but does no damage.
The orc hits you with a +0 mace.
* * * LOW HITPOINT WARNING * * *
The orc hits you but does no damage. Something hits you but does no damage.
The orc priest hits you!
* * * LOW HITPOINT WARNING * * *
The orc warrior hits you but does no damage.
The orc warrior completely misses you.
The orc knight hits you but does no damage.
The warg bites you but does no damage.
Rupert hits you with a +6 vorpal battleaxe!
You die...

#.#...#.....##
.............#
#............#
#............##
.#............#
..............#
.....oooo....##
....oo{@†.....#
.....o@h)o...##
...#.oo))....#
..............#
..............#
..............#
.....$........#
$.........$...#
.............##


You could see Rupert (berserk, extremely poisoned), an orc knight, a warg (very
poisoned), 4 orc warriors, an orc priest (strong) and 4 orcs.

Vanquished Creatures
  A tentacled monstrosity (Abyss:2)
  Kirke (Lair:6)
  A dire elephant (Lair:6)
  An ettin (D:15)
  Snorg (D:13)
  Josephine (D:14)
  A vault guard (D:13)
  5 boulder beetles
  17 hydras
  2 catoblepae (Lair:6)
  2 tengu warriors
  5 two-headed ogres
  4 centaur warriors
  A death knight (D:13)
  A deep troll shaman (Lair:6)
  Urug (Lair:2)
  10 death yaks (Lair:6)
  An orc high priest (Orc:2)
  3 thrashing horrors (Abyss:2)
  A deep elf knight (D:15)
  A fire crab (shapeshifter) (D:13)
  3 skeletal warriors
  A deep elf archer (D:15)
  3 unseen horrors
  A wizard (D:13)
  3 necromancers
  An orc knight (D:13)
  2 anaconda skeletons (Volcano)
  A manticore (D:11)
  2 deep elf pyromancers
  An orc sorcerer (D:15)
  19 ugly things
  6 cyclopes
  A faun (shapeshifter) (D:14)
  2 centaur zombies
  A toenail golem (Volcano)
  16 elephants
  An ice statue (IceCv)
  A guardian serpent (shapeshifter) (D:13)
  11 cane toads
  Joseph (D:8)
  An apocalypse crab (Abyss:2)
  10 black mambas
  A torpor snail (Lair:6)
  3 gargoyles
  A hellion (Abyss:2)
  2 rime drakes
  2 yaktaurs
  11 komodo dragons
  2 efreet (D:15)
  11 freezing wraiths
  A tengu conjurer (D:15)
  A harpy zombie (Abyss:2)
  2 ice devils (Lair:2)
  3 polar bears (Lair:6)
  9 trolls
  Prince Ribbit (D:5)
  A jumping spider (shapeshifter) (D:15)
  4 raiju (Abyss:2)
  6 slime creatures (D:14)
  A meliai zombie (D:10)
  36 blink frogs
  A shadow (D:14)
  3 flying skulls (Volcano)
  8 wraiths
  2 wyverns
  20 humans (D:13)
  63 yaks
  4 fire bats (Lair:1)
  3 hogs (Lair:6)
  2 fire elementals (Lair:1)
  A basilisk (Lair:1)
  A steam dragon (D:10)
  6 vampire mosquitoes
  Menkaure (D:4)
  4 wargs
  Edmund (D:4)
  A soldier ant (D:10)
  24 water moccasins
  11 orc warriors
  A sky beast (D:11)
  11 ice beasts
  An alligator simulacrum (IceCv)
  A black bear (D:7)
  An eye of draining (D:15)
  3 ogres
  27 centaurs
  20 wolves
  A small abomination (Abyss:2)
  3 kobold brigands
  7 phantoms
  28 bullfrogs
  A gnoll sergeant (D:7)
  A wyvern skeleton (D:10)
  8 scorpions
  3 killer bees
  A swamp dragon simulacrum (IceCv)
  An elephant simulacrum (IceCv)
  4 wights (D:10)
  3 howler monkeys (D:8)
  3 troll skeletons (Volcano)
  2 bullfrog zombies
  A quasit (Abyss:2)
  4 centaur skeletons
  4 draconian simulacra (IceCv)
  9 orc priests
  11 hounds
  3 jellies
  2 bullfrog skeletons
  An iron imp (Abyss:2)
  Terence (D:3)
  Crazy Yiuf (D:4)
  Jessica (D:2)
  4 iguanas
  3 spriggan simulacra (IceCv)
  4 worker ants
  9 orc wizards
  A polar bear simulacrum (IceCv)
  2 troll simulacra (IceCv)
  A killer bee zombie (D:4)
  3 centaur simulacra (IceCv)
  A hound zombie (D:10)
  3 hound skeletons
  4 worker ant zombies
  11 gnolls
  6 naga simulacra (IceCv)
  2 ogre simulacra (IceCv)
  16 adders
  13 white imps
  6 ufetubi
  An ooze (D:5)
  2 adder zombies
  3 adder skeletons
  7 worms
  3 dart slugs (D:1)
  5 leopard geckos
  53 orcs
  7 bats
  4 giant cockroaches
  7 goblins
  7 hobgoblins
  10 jackals
  21 kobolds
  4 quokkas
  4 ball pythons
  7 frilled lizards
  A jackal zombie (D:6)
  A leopard gecko zombie (D:7)
  A quokka skeleton (D:4)
  10 rats
  A butterfly (Lair:3)
820 creatures vanquished.

Vanquished Creatures (others)
  An orc (D:13)
  43 fungi
  47 plants
91 creatures vanquished.

Grand Total: 911 creatures vanquished

Notes
Turn   | Place    | Note
-------+----------+-------------------------------------------
     0 | D:1      | gingerogre1 the Gnoll Monk began the quest for the Orb.
     0 | D:1      | Reached XP level 1. HP: 23/23 MP: 1/1
   114 | D:1      | Reached XP level 2. HP: 29/29 MP: 2/2
   967 | D:2      | Reached XP level 3. HP: 35/35 MP: 3/3
  1245 | D:2      | Reached skill level 1 in Invocations
  1339 | D:2      | Found an iron altar of Okawaru.
  1339 | D:2      | Found an ancient bone altar of Kikubaaqudgha.
  1340 | D:2      | Found an ornate altar of the Wu Jian Council.
  1349 | D:2      | Found a white marble altar of Elyvilon.
  1357 | D:2      | Became a worshipper of Warmaster Okawaru
  1357 | D:2      | Reached * piety under Okawaru
  1357 | D:2      | Reached ** piety under Okawaru
  1586 | D:2      | Reached skill level 1 in Short Blades
  1586 | D:2      | Reached skill level 1 in Axes
  1586 | D:2      | Reached skill level 1 in Maces & Flails
  1586 | D:2      | Reached skill level 1 in Polearms
  1586 | D:2      | Reached skill level 1 in Staves
  1586 | D:2      | Reached skill level 1 in Slings
  1586 | D:2      | Reached skill level 1 in Bows
  1586 | D:2      | Reached skill level 1 in Crossbows
  1586 | D:2      | Reached skill level 1 in Throwing
  1586 | D:2      | Reached skill level 1 in Armour
  1586 | D:2      | Reached skill level 1 in Shields
  1586 | D:2      | Reached skill level 1 in Unarmed Combat
  1586 | D:2      | Reached skill level 1 in Spellcasting
  1586 | D:2      | Reached skill level 1 in Evocations
  1586 | D:2      | Reached XP level 4. HP: 33/41 MP: 5/5
  1797 | D:2      | Noticed Jessica
  1827 | D:2      | Killed Jessica
  2139 | D:3      | Reached skill level 1 in Conjurations
  2139 | D:3      | Reached skill level 1 in Hexes
  2139 | D:3      | Reached skill level 1 in Summonings
  2139 | D:3      | Reached skill level 1 in Necromancy
  2139 | D:3      | Reached skill level 1 in Translocations
  2139 | D:3      | Reached skill level 1 in Transmutations
  2139 | D:3      | Reached skill level 1 in Fire Magic
  2139 | D:3      | Reached skill level 1 in Ice Magic
  2139 | D:3      | Reached skill level 1 in Air Magic
  2139 | D:3      | Reached skill level 1 in Earth Magic
  2139 | D:3      | Reached skill level 1 in Poison Magic
  2157 | D:3      | Reached XP level 5. HP: 10/47 MP: 5/7
  2551 | D:3      | Noticed Terence
  2568 | D:3      | Found a runed translucent door.
  2571 | D:3      | Noticed p0werm0de's ghost (amateur GrFi)
  2587 | D:3      | Found a runed translucent door.
  2621 | D:3      | Killed Terence
  2720 | D:3      | Reached XP level 6. HP: 30/53 MP: 8/8
  3621 | D:4      | Noticed Menkaure
  3638 | D:4      | Noticed Edmund
  3670 | D:4      | Killed Edmund
  3738 | D:4      | Reached *** piety under Okawaru
  4261 | D:4      | Reached XP level 7. HP: 52/59 MP: 10/10
  4335 | D:4      | Found a shimmering altar of Xom.
  4642 | D:4      | Found a runed translucent door.
  4643 | D:4      | Noticed Crazy Yiuf
  4650 | D:4      | Killed Crazy Yiuf
  4749 | D:5      | Entered Level 5 of the Dungeon
  4821 | D:5      | Reached skill level 5 in Stealth
  4942 | D:5      | Noticed Prince Ribbit
  4950 | D:5      | Reached XP level 8. HP: 64/67 MP: 12/12
  5257 | D:4      | Killed Menkaure
  5257 | D:4      | Reached **** piety under Okawaru
  5636 | D:5      | Found a burning altar of Makhleb.
  5708 | D:5      | Killed Prince Ribbit
  6060 | D:6      | Found a staircase to the Ecumenical Temple.
  6153 | D:6      | Reached XP level 9. HP: 69/72 MP: 14/14
  6693 | D:6      | Found Ykin's General Store.
  7530 | D:7      | Reached ***** piety under Okawaru
  7824 | D:7      | Found Vaceyr's Jewellery Emporium.
  8374 | D:7      | Reached skill level 5 in Invocations
  9278 | D:8      | Reached XP level 10. HP: 80/80 MP: 17/17
  9287 | D:8      | Found a glowing silver altar of Zin.
  9441 | D:8      | Found Erupropn's Magic Scroll Shoppe.
  9441 | D:8      | Noticed Joseph
  9461 | D:8      | Killed Joseph
  9462 | D:8      | Reached skill level 5 in Short Blades
  9462 | D:8      | Reached skill level 5 in Axes
  9462 | D:8      | Reached skill level 5 in Maces & Flails
  9462 | D:8      | Reached skill level 5 in Polearms
  9462 | D:8      | Reached skill level 5 in Staves
  9462 | D:8      | Reached skill level 5 in Slings
  9462 | D:8      | Reached skill level 5 in Bows
  9462 | D:8      | Reached skill level 5 in Crossbows
  9462 | D:8      | Reached skill level 5 in Throwing
  9462 | D:8      | Reached skill level 5 in Armour
  9462 | D:8      | Reached skill level 5 in Shields
  9462 | D:8      | Reached skill level 5 in Unarmed Combat
  9462 | D:8      | Reached skill level 5 in Spellcasting
  9462 | D:8      | Reached skill level 5 in Evocations
  9804 | D:7      | Bought the ring "Qerett" {rPois rN+ Str+7 Int-4} for 375
                  | gold pieces
 10229 | D:9      | Noticed a two-headed ogre
 10250 | D:9      | HP: 1/82 [two-headed ogre/+0 dire flail (11)]
 10365 | D:8      | Killed a two-headed ogre
 10365 | D:8      | Received a gift from Okawaru
 11082 | D:9      | Learned a level 3 spell: Ozocubu's Armour
 11085 | D:9      | Learned a level 2 spell: Wereblood
 11257 | D:9      | Found a staircase to the Orcish Mines.
 11838 | D:10     | Entered Level 10 of the Dungeon
 11875 | D:10     | Found a shimmering blue altar of Sif Muna.
 11930 | D:10     | Found Numois's Weapon Shop.
 11945 | D:10     | Noticed a seven-headed hydra
 12035 | D:11     | HP: 4/82 [seven-headed hydra (5)]
 12115 | D:11     | Reached XP level 11. HP: 19/87 MP: 19/19
 12355 | D:11     | Noticed a cyclops
 12370 | D:11     | Killed a cyclops
 12371 | D:11     | Reached skill level 5 in Conjurations
 12371 | D:11     | Reached skill level 5 in Hexes
 12371 | D:11     | Reached skill level 5 in Summonings
 12371 | D:11     | Reached skill level 5 in Necromancy
 12371 | D:11     | Reached skill level 5 in Translocations
 12371 | D:11     | Reached skill level 5 in Transmutations
 12371 | D:11     | Reached skill level 5 in Fire Magic
 12371 | D:11     | Reached skill level 5 in Ice Magic
 12371 | D:11     | Reached skill level 5 in Air Magic
 12371 | D:11     | Reached skill level 5 in Earth Magic
 12371 | D:11     | Reached skill level 5 in Poison Magic
 12414 | D:11     | Noticed a two-headed ogre
 12424 | D:11     | Killed a two-headed ogre
 12489 | D:11     | Found Ugryjuge's Island Escapes.
 12585 | D:11     | Noticed a manticore
 12606 | D:11     | Killed a manticore
 13047 | D:10     | Found a staircase to the Lair.
 13074 | D:10     | Killed a seven-headed hydra
 13076 | D:10     | Identified the amulet of Puraned {RegenMP rN++ Str+3}
 13144 | D:10     | Reached ****** piety under Okawaru
 14025 | D:12     | Killed an unseen horror
 14025 | D:12     | Received a gift from Okawaru
 14053 | D:12     | Noticed a purple ugly thing
 14074 | D:12     | Noticed a deep elf pyromancer
 14074 | D:12     | Noticed a cyclops
 14122 | D:12     | Killed a deep elf pyromancer
 14215 | D:12     | Reached XP level 12. HP: 89/96 MP: 22/22
 14395 | D:12     | Noticed a six-headed hydra
 14410 | D:12     | Killed a six-headed hydra
 14449 | D:12     | Noticed a boulder beetle
 14486 | D:12     | Killed a boulder beetle
 14486 | D:12     | Received a gift from Okawaru
 14764 | D:12     | Received a gift from Okawaru
 14921 | D:12     | Found a white marble altar of Elyvilon.
 15110 | D:13     | Noticed a centaur warrior
 15130 | D:13     | Received a gift from Okawaru
 15162 | D:13     | Killed a centaur warrior
 15203 | D:13     | Received a gift from Okawaru
 15246 | D:13     | Reached skill level 10 in Fighting
 15246 | D:13     | Reached skill level 10 in Long Blades
 15246 | D:13     | Reached skill level 10 in Dodging
 15397 | D:13     | Noticed a vault guard
 15415 | D:13     | Killed a vault guard
 15442 | D:13     | Reached XP level 13. HP: 70/103 MP: 24/24
 15482 | D:13     | Identified the +9 double sword of Jijao {venom, rF+}
                  | (Okawaru gifted it to you on level 13 of the Dungeon)
 15482 | D:13     | Received a gift from Okawaru
 15486 | D:13     | Cast into level 2 of the Abyss (a wizard)
 15597 | Abyss:2  | Noticed a starcursed mass
 15633 | Abyss:2  | Noticed a tentacled monstrosity
 15660 | Abyss:2  | Killed a tentacled monstrosity
 15662 | Abyss:2  | Noticed a starcursed mass
 15700 | Abyss:2  | Noticed a tentacled starspawn
 16028 | D:13     | Escaped the Abyss
 16034 | D:13     | Identified the +0 pair of boots of the Wary Jumping Hells
                  | {Int+2} (Okawaru gifted it to you on level 13 of the
                  | Dungeon)
 16034 | D:13     | Received a gift from Okawaru
 16052 | D:13     | Found a gate to the Vaults.
 16284 | D:13     | Noticed Snorg
 16294 | D:13     | Killed Snorg
 16609 | D:13     | Identified the +5 ring mail of Wariness {Dex+3}
 16948 | D:13     | Reached XP level 14. HP: 69/111 MP: 26/26
 16992 | D:14     | Received a gift from Okawaru
 17022 | D:14     | Gained mutation: You are strong-willed. (Will+) [potion of
                  | mutation]
 17022 | D:14     | Gained mutation: Your spells are a little easier to cast,
                  | but a little less powerful. [potion of mutation]
 17022 | D:14     | Gained mutation: You are surrounded by a mild repulsion
                  | field. (EV +2) [potion of mutation]
 17289 | D:14     | Reached skill level 10 in Stealth
 17407 | D:14     | Noticed Josephine
 17428 | D:14     | Killed Josephine
 17640 | D:14     | Reached skill level 10 in Invocations
 17948 | D:15     | Entered Level 15 of the Dungeon
 18140 | D:15     | Received a gift from Okawaru
 18311 | D:15     | Identified the +5 long sword of Mutog {holy, Dex+3}
 18321 | D:15     | Identified the +1 demon blade "Bimuan" {elec, rF+} (Okawaru
                  | gifted it to you on level 15 of the Dungeon)
 18321 | D:15     | Received a gift from Okawaru
 18410 | D:15     | Found a staircase to the Depths.
 18861 | D:15     | Reached XP level 15. HP: 119/119 MP: 28/28
 19111 | Lair:1   | Entered Level 1 of the Lair of Beasts
 19193 | Lair:1   | Received a gift from Okawaru
 19864 | Lair:2   | Received a gift from Okawaru
 19891 | Lair:2   | Noticed Urug
 19902 | Lair:2   | Killed Urug
 20004 | Lair:2   | Found a frozen archway.
 20017 | IceCv    | Entered an ice cave
 20242 | IceCv    | Reached skill level 10 in Short Blades
 20242 | IceCv    | Reached skill level 10 in Axes
 20242 | IceCv    | Reached skill level 10 in Maces & Flails
 20242 | IceCv    | Reached skill level 10 in Polearms
 20242 | IceCv    | Reached skill level 10 in Staves
 20242 | IceCv    | Reached skill level 10 in Slings
 20242 | IceCv    | Reached skill level 10 in Bows
 20242 | IceCv    | Reached skill level 10 in Crossbows
 20242 | IceCv    | Reached skill level 10 in Throwing
 20242 | IceCv    | Reached skill level 10 in Armour
 20242 | IceCv    | Reached skill level 10 in Shields
 20242 | IceCv    | Reached skill level 10 in Unarmed Combat
 20242 | IceCv    | Reached skill level 10 in Spellcasting
 20242 | IceCv    | Reached skill level 10 in Evocations
 20460 | IceCv    | Found an ancient bone altar of Kikubaaqudgha.
 20541 | IceCv    | Learned a level 5 spell: Agony
 20727 | Lair:2   | Found a staircase to the Swamp.
 20741 | Lair:2   | Received a gift from Okawaru
 21024 | Lair:2   | Learned a level 3 spell: Gell's Gravitas
 21029 | Lair:2   | Learned a level 4 spell: Petrify
 21035 | Lair:2   | Learned a level 5 spell: Yara's Violent Unravelling
 21077 | Lair:2   | Received a gift from Okawaru
 21115 | Lair:2   | Found a staircase to the Snake Pit.
 22284 | Lair:4   | Learned a level 5 spell: Lee's Rapid Deconstruction
 22401 | Lair:4   | Received a gift from Okawaru
 22553 | Lair:4   | Received a gift from Okawaru
 23530 | Lair:5   | Reached XP level 16. HP: 127/127 MP: 30/30
 23573 | Lair:5   | Found a staircase to the Slime Pits.
 23724 | Lair:5   | Found the +8 storm bow {elec, penet}
 23799 | Lair:5   | Found a dark tunnel.
 23808 | Volcano  | Entered a volcano
 24390 | Lair:6   | Entered Level 6 of the Lair of Beasts
 24427 | Lair:6   | Received a gift from Okawaru
 24831 | Lair:6   | Received a gift from Okawaru
 24945 | Lair:6   | Reached skill level 10 in Ice Magic
 24979 | Lair:6   | Received a gift from Okawaru
 25076 | Lair:6   | Learned a level 5 spell: Metabolic Englaciation
 25432 | Lair:6   | Noticed Kirke
 25466 | Lair:6   | Killed Kirke
 26162 | Orc:1    | Entered Level 1 of the Orcish Mines
 26227 | Orc:2    | Entered Level 2 of the Orcish Mines
 26228 | Orc:2    | Noticed Rupert
 26233 | Orc:2    | Reached XP level 17. HP: 125/135 MP: 32/32
 26243 | Orc:2    | Paralysed by Rupert for 5 turns
 26247 | Orc:2    | Slain by Rupert

Illustrated notes

Levels and vault maps discovered:
D:1:      minmay_arrival_checkered_box, layout_basic, serial_bayou,
          serial_bayou_pond_b, serial_bayou_shore_a, serial_bayou_ford_a,
          serial_bayou_pond_a, kennysheep_doodads
D:2:      layout_loops_ring, minitemple, uniq_jessica
D:3:      layout_loops_ring, ebering_ghost_sewer_f,
          hangedman_abyss_or_decor_lesser_grid, serial_bayou_crossing,
          uniq_terence
D:4:      layout_loops_ring, tgw_xom, uniq_crazy_yiuf_cottage, uniq_edmund,
          uniq_menkaure
D:5:      layout_basic, lemuel_crystal_altar, chequers_serial_rivers_micro_b,
          uniq_prince_ribbit1
D:6:      layout_rooms, minmay_temple_entry_stoned_glass, serial_shops,
          nicolae_shop_behind_doors
D:7:      layout_basic, serial_shops, shop, st_stairs_4, minmay_statues_item
D:8:      layout_loops_ring, pdpol_temple_overflow_zin_treasury_gozag_greed,
          serial_shops, kennysheep_little_box, uniq_joseph
D:9:      layout_grid_maze, david_orc_2, st_stairs_12
D:10:     layout_basic, erik_lair_orcish_takeover, serial_shops, shop_fountains,
          lemuel_tele_altar
D:11:     layout_loops_ring, st_stairs_8, nicolae_island_escapes
D:12:     layout_stronghold, lemuel_altar_in_water
D:13:     layout_roguey, grunt_vaults_entry_tiered, uniq_snorg
D:14:     layout_stronghold, nrook_mini_vaults, serial_rivers,
          chequers_serial_rivers_large_a, chequers_serial_rivers_micro_b,
          chequers_serial_rivers_small_3, chequers_serial_rivers_marsh,
          chequers_serial_rivers_large_b, chequers_serial_rivers_small_3,
          amethyst_killhole, uniq_josephine
D:15:     hangedman_depths_entry_civil_slaughter, layout_basic,
          minmay_misc_feat_five, st_stairs_6
Lair:1:   layout_chaotic_city
Lair:2:   layout_regular_city, minmay_swamp_entry_reptiles,
          minmay_snake_entry_six_corridors, portal_ice_cave_demonic_guard,
          eino_small_chamber_without_monster, uniq_urug
Lair:3:   layout_regular_city, grunt_megastairs_3, lemuel_fruit_tree,
          lemuel_fruit_fields
Lair:4:   cheibrodos_lair_river_kwai, layout_hall_layers, grunt_megastairs_4,
          serial_bayou_shore_b, infiniplex_staircase_pool
Lair:5:   layout_hall_layers, slime_dummy, lightli_volcano_entry_magma_tube
Lair:6:   grunt_lair_end_beastmaster, layout_small_grid, uniq_kirke
Orc:1:    layout_caves
Orc:2:    pf_orc_diabolical, layout_caves, basic_altar, uniq_rupert

Skill      XL: |  1  2  3  4  5  6  7  8  9 10 11 12 13 14 15 16 |
---------------+-------------------------------------------------+-----
Invocations    | 1 2 3 4 5 6 7 8 9 10 11 12 | 12.1
Short Blades   | 1 2 3 4 5 6 7 8 9 10 11 | 11.2
Axes           | 1 2 3 4 5 6 7 8 9 10 11 | 11.2
Maces & Flails | 1 2 3 4 5 6 7 8 9 10 11 | 11.2
Polearms       | 1 2 3 4 5 6 7 8 9 10 11 | 11.2
Staves         | 1 2 3 4 5 6 7 8 9 10 11 | 11.2
Slings         | 1 2 3 4 5 6 7 8 9 10 11 | 11.2
Bows           | 1 2 3 4 5 6 7 8 9 10 11 | 11.2
Crossbows      | 1 2 3 4 5 6 7 8 9 10 11 | 11.2
Throwing       | 1 2 3 4 5 6 7 8 9 10 11 | 11.2
Armour         | 1 2 3 4 5 6 7 8 9 10 11 | 11.2
Shields        | 1 2 3 4 5 6 7 8 9 10 11 | 11.2
Unarmed Combat | 1 2 3 4 5 6 7 8 9 10 11 | 11.2
Spellcasting   | 1 2 3 4 5 6 7 8 9 10 11 | 11.2
Evocations     | 1 2 3 4 5 6 7 8 9 10 11 | 11.2
Conjurations   | 1 2 3 4 5 6 7 8 9 |  9.5
Hexes          | 1 2 3 4 5 6 7 8 9 |  9.5
Summonings     | 1 2 3 4 5 6 7 8 9 |  9.5
Necromancy     | 1 2 3 4 5 6 7 8 9 |  9.5
Translocations | 1 2 3 4 5 6 7 8 9 |  9.5
Transmutations | 1 2 3 4 5 6 7 8 9 |  9.5
Fire Magic     | 1 2 3 4 5 6 7 8 9 |  9.5
Ice Magic      | 1 2 3 4 5 6 7 8 9 10 | 10.5
Air Magic      | 1 2 3 4 5 6 7 8 9 |  9.5
Earth Magic    | 1 2 3 4 5 6 7 8 9 |  9.5
Poison Magic   | 1 2 3 4 5 6 7 8 9 |  9.5
Fighting       | 7 8 9 10 11 12 | 12.7
Long Blades    | 7 8 9 10 11 12 | 12.7
Dodging        | 7 8 9 10 11 12 | 12.7
Stealth        | 5 6 7 8 9 10 11 | 11.8

Action                   |  1- 3 |  4- 6 |  7- 9 | 10-12 | 13-15 | 16-18 || total
-------------------------+-------+-------+-------+-------+-------+-------++-------
Melee: Falchion          |   115 |   159 |       |     4 |       |       ||   278
       Bite              |    12 |    25 |    63 |   164 |   206 |   134 ||   604
       Punch             |     1 |     3 |     6 |     9 |       |       ||    19
       Dire flail        |       |    39 |     7 |       |       |       ||    46
       Quarterstaff      |       |       |    80 |       |       |       ||    80
       Dagger            |       |       |     9 |       |       |       ||     9
       Flail             |       |       |   382 |   806 |    82 |   118 ||  1388
       Mace              |       |       |       |    97 |       |       ||    97
       Double sword      |       |       |       |       |   882 |   382 ||  1264
       Long sword        |       |       |       |       |    67 |       ||    67
 Fire: Hunting sling     |       |     6 |    34 |    60 |    13 |       ||   113
Throw: Dart              |       |     7 |     9 |    11 |       |       ||    27
       Javelin           |       |       |       |       |       |     1 ||     1
 Cast: Ozocubu's Armour  |       |       |       |     3 |       |     1 ||     4
       Petrify           |       |       |       |       |     1 |     1 ||     2
       Agony             |       |       |       |       |     1 |       ||     1
       Wereblood         |       |       |       |       |     1 |       ||     1
       Lee's Rapid Decon |       |       |       |       |       |     1 ||     1
       Gell's Gravitas   |       |       |       |       |       |     1 ||     1
Invok: Heroism           |       |     3 |       |     2 |     1 |       ||     6
       Finesse           |       |       |       |     1 |     1 |       ||     2
Evoke: Wand              |       |       |     1 |     1 |     3 |       ||     5
  Use: Scroll            |       |     1 |     1 |    23 |    10 |     6 ||    41
       Potion            |       |       |       |     3 |     4 |     1 ||     8
 Stab: Sleeping          |     8 |     8 |     8 |    15 |    23 |     8 ||    70
       Paralysed         |       |       |     4 |       |       |       ||     4
       Distracted        |       |       |       |     1 |     3 |     3 ||     7
Armor: Robe              |    22 |    66 |     1 |       |       |       ||    89
       Leather armour    |       |       |   238 |   292 |       |       ||   530
       Troll leather arm |       |       |       |    94 |   104 |       ||   198
       Ring mail         |       |       |       |       |   313 |   315 ||   628
Dodge: Dodged            |    66 |   130 |   578 |   646 |   970 |   642 ||  3032
Block: Buckler           |       |       |       |   334 |   652 |   425 ||  1411
       Rpst.: Falchion   |    32 |    29 |       |     1 |       |       ||    62
       Double sword      |       |       |       |       |   194 |   113 ||   307
       Long sword        |       |       |       |       |     4 |       ||     4

Table legend: (Time is in decaauts)
 A = Elapsed time spent in this place.
 B = Non-inter-level travel time spent in this place.
 C = Inter-level travel time spent in this place.
 D = Time resting spent in this place.
 E = Time spent auto-exploring this place.
 F = Levels seen in this place.
 G = Mean time per level.
                   A        B        C        D        E       F      G
               +--------+--------+--------+--------+--------+-----+--------+
         Total |  26322 |  25333 |    989 |    105 |  13619 |  26 | 1012.4 |
       Dungeon |  18810 |  17941 |    869 |      0 |  10389 |  15 | 1254.0 |
          Lair |   5897 |   5777 |    120 |      5 |   3007 |   6 |  982.8 |
  Orcish Mines |     82 |     82 |      0 |      0 |     42 |   2 |   41.0 |
         Abyss |    520 |    520 |      0 |      0 |      0 |   1 |  520.0 |
      Ice Cave |    616 |    616 |      0 |    100 |    104 |   1 |  616.0 |
       Volcano |    396 |    396 |      0 |      0 |     76 |   1 |  396.0 |
               +--------+--------+--------+--------+--------+-----+--------+

Top non-repeatable levels by time:
     D:6: 1936 daAuts
     D:9: 1725 daAuts
  Lair:6: 1613 daAuts
     D:4: 1426 daAuts
     D:2: 1311 daAuts
     D:3: 1296 daAuts
     D:7: 1263 daAuts
    D:12: 1259 daAuts
    D:13: 1218 daAuts
    D:14: 1213 daAuts
  Lair:4: 1193 daAuts
     D:8: 1143 daAuts
    D:10: 1036 daAuts
     D:5: 1023 daAuts
    D:15: 1019 daAuts
